 Dungeon Crawl Stone Soup version 0.19.5 (webtiles) character file.

46 heyabaki the Cudgeler (level 3, 0/36 HPs)
             Began as a Troll Berserker on May 3, 2017.
             Was a Believer of Trog.
             Succumbed to Jessica's poison
             ... on level 2 of the Dungeon.
             The game lasted 00:16:14 (2895 turns).

heyabaki the Cudgeler (Troll Berserker)             Turns: 2895, Time: 00:16:14

Health: 0/36       AC:  5    Str: 26    XL:     3   Next: 44%
Magic:  2/2        EV: 10    Int:  3    God:    Trog [**....]
Gold:   108        SH:  0    Dex:  9    Spells: 0 memorised, 2 levels left

rFire  . . .     SeeInvis .     a - +0 mace
rCold  . . .     Gourm    +     b - +0 animal skin
rNeg   . . .     Faith    .     (no shield)
rPois  .         Spirit   .     (helmet restricted)
rElec  .         Reflect  .     (no cloak)
rCorr  .         Harm     .     (gloves unavailable)
MR     .....                    (boots unavailable)
Stlth  +.........               (no amulet)
                                (no ring)
                                (no ring)

@: lethally poisoned (0 -> -12), slowed, very slow
A: unfitting armour, claws 3, fast metabolism 3, gourmand, regeneration 1,
shaggy fur 1, tough skin 2
a: Berserk, Trog's Hand, Burn Spellbooks, Renounce Religion


You were on level 2 of the Dungeon.
You worshipped Trog.
Trog was pleased with you.
You were very full.

You visited 1 branch of the dungeon, and saw 2 of its levels.

You collected 108 gold pieces.

Inventory:

Hand Weapons
 a - a +0 mace (weapon)
Armour
 b - a +0 animal skin (worn)
Scrolls
 i - 3 scrolls of random uselessness {unknown}
 k - 2 scrolls of enchant weapon {unknown}
 l - 2 scrolls of identify {unknown}
 m - a scroll of magic mapping {unknown}
 p - a scroll of teleportation {unknown}
Potions
 d - 2 potions of brilliance {unknown}
 e - a potion of invisibility {unknown}
 f - 2 potions of flight {unknown}
 g - 2 potions of curing {unknown}
Comestibles
 c - 4 bread rations
 j - a royal jelly
 o - a beef jerky
 q - 18 fruits
 s - a meat ration


   Skills:
 + Level 2.6 Fighting
 + Level 3.3 Maces & Flails
 + Level 3.0 Dodging


You had 2 spell levels left.
You didn't know any spells.

Dungeon Overview and Level Annotations

Branches:
Dungeon (2/15)

Altars:

Annotations:
D:2 Jessica


Innate Abilities, Weirdness & Mutations

You are too large for most types of armour.
You have claws for hands.
Your metabolism is lightning-fast.
You like to eat raw meat.
Your natural rate of healing is unusually fast.
You are covered in fur. (AC +1)
You have very tough skin. (AC +2)


Message History

The adder is almost dead.
You feel very sick. The adder barely misses you.
Jessica points at you and mumbles some strange words.
You resist with some effort. The adder bites you.
You hit the adder.
You kill the adder!
Trog accepts your kill.
Your Dodging skill increases to level 3!
* * * LOW HITPOINT WARNING * * *
You feel very sick.
* * * LOW HITPOINT WARNING * * *
You feel very sick. Jessica closely misses you.
* * * LOW HITPOINT WARNING * * *
You feel very sick.
Jessica hits you with a dagger of venom.
* * * LOW HITPOINT WARNING * * *
You are more poisoned.
You die...

..###.###########.#..............
##.............#.##......########
...............#.##......# #..
#..............#..#......# #.#
...............##.#......# #.#
#..............##..###.### #.#
#..............###.###.########.#
............................).#.#
##..............@.............#.#
#............@...............#.#
#............................#.#
#####........##...............#.#
.........###.##...............#.#
...........#.##...............#.#
.......[.#.#.##.......(.((..).#.#
.........#.#.#########(########.#
.........#.#.# #.## #.#


You could see Jessica.

Vanquished Creatures
  An adder (D:2)
  A leopard gecko (D:2)
  3 giant cockroaches
  4 goblins
  6 hobgoblins
  2 jackals (D:2)
  5 kobolds
  A quokka (D:2)
  A ball python (D:1)
  A bat (D:2)
  3 frilled lizards
  6 rats
34 creatures vanquished.

Notes
Turn   | Place    | Note
-------+----------+-------------------------------------------
     0 | D:1      | heyabaki the Troll Berserker began the quest for the Orb.
     0 | D:1      | Reached XP level 1. HP: 22/22 MP: 0/0
   783 | D:1      | Reached XP level 2. HP: 29/29 MP: 1/1
  1118 | D:2      | Noticed Jessica
  2076 | D:2      | Reached ** piety under Trog
  2076 | D:2      | Reached XP level 3. HP: 36/36 MP: 2/2
  2895 | D:2      | Succumbed to Jessica's poison

Skill      XL: |  1  2  3 |
---------------+----------+-----
Maces & Flails | 3 |  3.3
Dodging        | 3 |  3.0
Fighting       | |  2.6

Action                   || total
-------------------------++-------
Melee: Mace              ||   109
  Use: Scroll            ||     1
  Eat: Chunk             ||    30
Armor: Animal skin       ||    41
Dodge: Dodged            ||    80
